 Dungeon Crawl Stone Soup version 0.22-a0-962-gf38f4bc (webtiles) character file.

53 paymentplan the Skirmisher (level 4, 0/45 HPs)
             Began as a Halfling Abyssal Knight on Feb 9, 2020.
             Was a Follower of Lugonu.
             Succumbed to a kobold's poison
             ... on level 2 of the Dungeon.
             The game lasted 00:07:18 (1021 turns).

paymentplan the Skirmisher (HaAK)                   Turns: 1021, Time: 00:07:18

Health: 0/45       AC:  8    Str: 19    XL:     4   Next: 11%
Magic:  6/6        EV: 10    Int: 15    God:    Lugonu [*.....]
Gold:   218        SH:  0    Dex: 13    Spells: 3/3 levels left

rFire    . . .     SeeInvis +   a - +1 falchion
rCold    . . .     Gourm    .   (shield restricted)
rNeg     . . .     Faith    .   h - +0 chain mail
rPois    .         Spirit   .   (no helmet)
rElec    .         Reflect  .   (no cloak)
rCorr    .         Harm     .   (no gloves)
MR       .....                  (no boots)
Stlth    ..........             (no amulet)
HPRegen  0.15/turn              d - ring of see invisible
MPRegen  0.10/turn              (no ring)

@: brilliant, berserking, lethally poisoned (0 -> -10), very quick
A: small, mutation resistance 1
a: Depart the Abyss, Renounce Religion


You were on level 2 of the Dungeon.
You worshipped Lugonu.
Lugonu was aware of your devotion.
You were not hungry.
You have taken no pledge.
You visited 1 branch of the dungeon, and saw 2 of its levels.
You visited the Abyss 1 time.

You collected 218 gold pieces.

Inventory:

Hand Weapons
 a - a +1 falchion (weapon)
Missiles
 j - 24 stones (quivered)
 r - 17 sling bullets
Armour
 b - a +0 leather armour
 h - a +0 chain mail (worn)
Jewellery
 d - a ring of see invisible (left hand)
Scrolls
 g - 2 scrolls of identify
 k - 2 scrolls of remove curse
 n - a scroll of noise {unknown}
 o - a scroll of immolation {unknown}
 p - a scroll of magic mapping {unknown}
 q - a scroll of amnesia
Comestibles
 c - 2 rations
 i - 7 chunks of flesh


   Skills:
 + Level 2.8 Fighting
 * Level 2.7 Long Blades
 + Level 0.8 Throwing
 + Level 2.5 Armour
 + Level 1.5 Dodging
 * Level 2.8 Invocations


You had 3 spell levels left.
You didn't know any spells.
Your spell library was empty.

Dungeon Overview and Level Annotations

Branches:
Dungeon (2/15)

Altars:


Innate Abilities, Weirdness & Mutations

You are small and have problems with some larger weapons.
You are somewhat resistant to further mutation.


Message History

You feel sick.
* * * LOW HITPOINT WARNING * * *
You feel sick.
A bat comes into view.
The bat moves out of view.
* * * LOW HITPOINT WARNING * * *
You feel sick.
* * * LOW HITPOINT WARNING * * *
You feel sick.
You see here a smoky coppery potion.
e - a smoky coppery potion
* * * LOW HITPOINT WARNING * * *
You feel sick. The frilled lizard barely misses you.
You riposte.
You hit the frilled lizard.
You kill the frilled lizard!
Lugonu accepts your kill.
It was a potion of berserk rage.
A red film seems to cover your vision as you go berserk!
You feel yourself moving faster!
You feel mighty!
You die...

### ... #.. #.#
... #.# ###. #.#
.....
#.#####@###....
#.......b.[..#
#..####.#....# #.
#..[......#
#..#.##..#...#
..#..#.##..#...##.
........#.........
# #............ .
#.##..#......


You could see a bat.

Vanquished Creatures
  An adder (D:2)
  2 dart slugs (D:1)
  3 leopard geckos
  A giant cockroach (D:1)
  5 goblins
  3 hobgoblins
  4 jackals (D:1)
  6 frilled lizards
  7 kobolds (D:1)
  6 rats
  A fungus (D:1)
39 creatures vanquished.

Notes
Turn   | Place    | Note
-------+----------+-------------------------------------------
     0 | Abyss:1  | paymentplan the Halfling Abyssal Knight began the quest for the Orb.
     0 | Abyss:1  | Reached XP level 1. HP: 15/15 MP: 2/2
    33 | Abyss:2  | Found a corrupted altar of Lugonu.
    80 | Abyss:3  | Noticed a glowing orange brain
    81 | Abyss:3  | Noticed a neqoxec
    81 | Abyss:3  | Noticed a brown very ugly thing
    82 | Abyss:3  | Noticed a large abomination
    83 | Abyss:3  | Noticed an orange crystal statue
    83 | Abyss:3  | Noticed an orange crystal statue
    83 | Abyss:3  | Noticed a starcursed mass
    83 | Abyss:3  | Noticed a neqoxec
    84 | Abyss:3  | Noticed a smoke demon
    96 | Abyss:4  | Noticed an ice statue
   100 | Abyss:4  | Noticed an ice beast
   101 | Abyss:4  | Noticed an ice beast
   102 | Abyss:4  | Noticed an ice beast
   103 | D:1      | Escaped the Abyss
   293 | D:1      | Reached XP level 2. HP: 20/20 MP: 3/3
   327 | D:1      | Reached * piety under Lugonu
   364 | D:1      | Reached XP level 3. HP: 25/25 MP: 4/4
   965 | D:2      | Reached XP level 4. HP: 22/30 MP: 6/6
  1020 | D:2      | HP: 1/30 [poisoned by a kobold]
  1021 | D:2      | Succumbed to a kobold's poison

Vault maps used:
D:1:      wheals_arrival_linesprint, minmay_gold_behind_fungi,
          minmay_fountain_box, st_stairs_13
D:2:      lemuel_blue_sif_altar
Abyss:3:  doesnt_abyss_rune_brain_food, evilmike_abyss_exit_kraken
Abyss:4:  evilmike_abyss_exit_13, evilmike_abyss_rune_tso_outpost

Action                   |  1- 3 |  4- 6 || total
-------------------------+-------+-------++-------
Melee: Falchion          |   102 |     4 ||   106
Throw: Stone             |     7 |       ||     7
Invok: Depart the Abyss  |     1 |       ||     1
  Use: Scroll            |     3 |     3 ||     6
       Potion            |       |     3 ||     3
  Eat: Chunk             |       |     1 ||     1
Armor: Chain mail        |    50 |     5 ||    55
Dodge: Dodged            |    30 |     8 ||    38
       Rpst.: Falchion   |    29 |     5 ||    34

Table legend:
 A = Spawn XP
 B = Non-spawn XP
 C = Spawn XP percentage of total XP
 D = Spawn monster count
 E = Non-spawn monster count
 F = Spawn count percentage of total count
 G = Total turns spent on level
                    A         B        C        D         E        F      G
               +---------+---------+-------+---------+---------+-------+---------
         Total |       0 |      77 |   0.0 |       0 |      38 |   0.0 |  1021
               +---------+---------+-------+---------+---------+-------+---------
           D:1 |       0 |      50 |   0.0 |       0 |      28 |   0.0 |   789
           D:2 |       0 |      27 |   0.0 |       0 |      10 |   0.0 |   129
               +---------+---------+-------+---------+---------+-------+---------
